 Dungeon Crawl Stone Soup version 0.23.2-30-g0e89c35649 (webtiles) character file.

Game seed: 2648106127134169091

792 lepoulpe303 the Chopper (level 7, -2/63 HPs)
             Began as a Hill Orc Monk on June 16, 2019.
             Was a Believer of Makhleb.
             Slain by a centaur (8 damage)
             ... on level 5 of the Dungeon.
             The game lasted 00:12:23 (5219 turns).

lepoulpe303 the Chopper (Hill Orc Monk)             Turns: 5219, Time: 00:12:24

Health: -2/63      AC:  9    Str: 16    XL:     7   Next: 88%
Magic:  9/9        EV:  8    Int: 10    God:    Makhleb [**....]
Gold:   159        SH:  8    Dex: 13    Spells: 6/6 levels left

rFire    . . .     SeeInvis .   a - +0 hand axe
rCold    + . .     Gourm    .   i - +0 shield
rNeg     . . .     Faith    .   A - +0 scale mail
rPois    .         Spirit   .   (no helmet)
rElec    .         Reflect  .   u - +2 cloak
rCorr    .         Harm     .   (no gloves)
MR       .....                  (no boots)
Stlth    ..........             (no amulet)
HPRegen  0.20/turn              I - ring of protection from cold
MPRegen  0.11/turn              (no ring)

@: no status effects
A: no striking features
a: Minor Destruction, Renounce Religion


You were on level 5 of the Dungeon.
You worshipped Makhleb.
Makhleb was pleased with you.
You were not hungry.

You visited 1 branch of the dungeon, and saw 5 of its levels.

You collected 159 gold pieces.

Inventory:

Hand Weapons
 a - a +0 hand axe (weapon)
Missiles
 c - a throwing net {=f}
 k - 5 tomahawks (quivered)
 x - 18 poisoned needles
 Q - 128 stones
Armour
 i - a +0 shield (worn)
 u - a +2 cloak (worn)
 A - a +0 scale mail (worn)
Jewellery
 y - a cursed amulet of inaccuracy {unknown}
 z - an uncursed ring of flight {unknown}
 I - a ring of protection from cold (left hand)
Wands
 D - a wand of digging (6)
Scrolls
 b - a scroll of noise {unknown}
 g - a scroll of immolation {unknown}
 j - 2 scrolls of magic mapping {!r}
 l - a scroll of fog {unknown}
 o - 2 scrolls of identify {unknown}
 t - a scroll of teleportation
 v - a scroll of enchant armour {unknown}
 w - 5 scrolls of remove curse
 B - a scroll of fear {unknown}
Potions
 d - a potion of cancellation {unknown}
 f - 4 potions of might {unknown}
 h - 4 potions of agility {unknown}
 n - a potion of brilliance {unknown}
 p - a potion of mutation {unknown}
 q - a potion of lignification {unknown}
 r - a potion of experience {unknown}
 s - 4 potions of curing {unknown}
 C - a potion of haste {unknown}
Comestibles
 e - 8 rations
 m - 2 chunks of flesh


   Skills:
 * Level 6.2 Fighting
 * Level 7.0 Axes
 + Level 3.0 Armour
 + Level 3.4 Dodging
 - Level 1.5 Stealth
 + Level 2.4 Shields
 * Level 3.8 Invocations


You had 6 spell levels left.
You didn't know any spells.
Your spell library contained the following spells:

 Spells                   Type           Power        Failure   Level  Hunger
 Animate Skeleton         Necr           N/A          100%        1    ##.....
 Pain                     Necr           #...         100%        1    ##.....
 Regeneration             Chrm/Necr      #.........   100%        3    ####...
 Vampiric Draining        Necr           #.........   100%        3    ####...
 Animate Dead             Necr           N/A          100%        4    #####..


Dungeon Overview and Level Annotations

Branches:
Dungeon (5/15)
 Temple: D:4-7

Altars:
Cheibriados
Kikubaaqudgha
Makhleb
Sif Muna
Trog
Xom
The Shining One

Annotations:
D:4 Pikel


Message History

* * * LOW HITPOINT WARNING * * *
The quokka bites you.
* * * LOW HITPOINT WARNING * * *
The centaur hits you.
* * * LOW HITPOINT WARNING * * *
You take 8 damage, and have 8/63 hp.
You hit the centaur. x2; You closely miss the quokka.
You block the centaur's attack. The quokka barely misses you.
The centaur hits you.
* * * LOW HITPOINT WARNING * * *
The centaur hits you.
* * * LOW HITPOINT WARNING * * *
The quokka bites you but does no damage.
You take 3 damage, and have 5/63 hp.
You hit the centaur. x2; You hit the quokka.
You kill the quokka!
You feel better. You block the centaur's attack.
The centaur hits you but does no damage.
The centaur barely misses you. The centaur hits you!
You die...

.r ...# c ...#
c####...#
....... ......
#...# #!..#
#######c..#
#....(@c..#
#.....†.(.#
#......####...
#.............
######.#######
#.# #.# #.#
#.#


You could see 2 centaurs.

Levels and vault maps discovered:
D:1:      scummos_arrival_hexagon, layout_loops_ring, serial_bayou_lagoon_a,
          cheibriados_altar_1
D:2:      layout_basic, grunt_temple_overflow_open, kennysheep_small_spiral,
          hex_intersection, kennysheep_generic_room_15
D:3:      layout_loops_ring, makhleb_blood_cavern_becter,
          kennysheep_vampire_church, first_ration
D:4:      layout_basic, kennysheep_mini, xom_confusion_cloud,
          minmay_fractal_squares_gapless_5, uniq_pikel
D:5:      layout_basic, lemuel_tele_altar

Notes
Turn   | Place    | Note
-------+----------+-------------------------------------------
     0 | D:1      | lepoulpe303 the Hill Orc Monk began the quest for the Orb.
     0 | D:1      | Reached XP level 1. HP: 19/19 MP: 1/1
    64 | D:1      | Identified a +0 dagger
    93 | D:1      | Identified a +0 club
   101 | D:1      | Identified a +0 dagger
   122 | D:1      | Reached XP level 2. HP: 23/27 MP: 2/2
   160 | D:1      | Reached skill level 4 in Fighting
   296 | D:1      | Identified a +0 short sword
   299 | D:1      | Found a snail-covered altar of Cheibriados.
   374 | D:1      | Identified a +0 club
   375 | D:1      | Reached XP level 3. HP: 33/33 MP: 3/3
   399 | D:1      | Identified a +0 club
   413 | D:1      | Reached skill level 1 in Armour
   439 | D:1      | Identified a +0 ring mail (You found it on level 1 of the
                  | Dungeon)
   497 | D:1      | Identified a +0 club
   523 | D:1      | Identified a +0 club
   799 | D:2      | Identified a +0 club
  1013 | D:2      | Found a bloodstained altar of Trog.
  1046 | D:2      | Identified a +0 dagger
  1053 | D:2      | Reached skill level 5 in Axes
  1053 | D:2      | Reached XP level 4. HP: 31/41 MP: 4/4
  1060 | D:2      | Found a deep blue altar of Sif Muna.
  1185 | D:2      | Identified 5 scrolls of remove curse
  1186 | D:2      | Identified a ring of protection from cold (You found it on
                  | level 2 of the Dungeon)
  1589 | D:2      | Identified a +0 shield (You found it on level 2 of the
                  | Dungeon)
  1686 | D:3      | Identified a +0 short sword
  1686 | D:3      | Identified a +0 ring mail
  1686 | D:3      | Identified a +0 dagger
  1686 | D:3      | Identified a +0 ring mail
  1686 | D:3      | Identified a cursed +0 dagger
  1686 | D:3      | Identified a cursed +0 robe
  1686 | D:3      | Identified a +0 club
  1690 | D:3      | Identified a cursed -1 dagger
  1693 | D:3      | Identified a +0 hand axe
  1826 | D:2      | Identified a +0 hand axe
  1840 | D:2      | Reached XP level 5. HP: 30/47 MP: 5/5
  2234 | D:3      | Found a burning altar of Makhleb.
  2242 | D:3      | Became a worshipper of Makhleb the Destroyer
  2242 | D:3      | Reached * piety under Makhleb
  2242 | D:3      | Reached ** piety under Makhleb
  2269 | D:3      | Reached skill level 1 in Shields
  2415 | D:3      | Found an ancient bone altar of Kikubaaqudgha.
  2419 | D:3      | Reached skill level 2 in Armour
  2438 | D:3      | Reached skill level 5 in Fighting
  2443 | D:3      | Reached skill level 3 in Dodging
  2443 | D:3      | Reached skill level 1 in Invocations
  2443 | D:3      | Reached XP level 6. HP: 46/56 MP: 5/7
  2784 | D:4      | Identified a +0 giant club
  2793 | D:4      | Reached skill level 6 in Axes
  2793 | D:4      | Reached skill level 2 in Invocations
  2832 | D:4      | Identified a +0 trident
  2854 | D:4      | Found a shimmering altar of Xom.
  2995 | D:4      | Identified a +0 flail
  3025 | D:4      | Reached XP level 7. HP: 61/61 MP: 8/8
  3106 | D:4      | Reached skill level 2 in Shields
  3345 | D:4      | Identified a +0 whip
  3347 | D:4      | Identified a +0 halberd
  3359 | D:4      | HP: 11/62 [gnoll/+0 halberd (13)]
  3366 | D:4      | HP: 9/62 [gnoll (3)]
  3386 | D:3      | HP: 8/62 [gnoll (5)]
  4073 | D:4      | Reached skill level 3 in Invocations
  4298 | D:4      | Identified a +2 whip of flaming
  4298 | D:4      | Identified a +2 robe
  4298 | D:4      | Noticed Pikel
  4298 | D:4      | Identified a +0 animal skin
  4298 | D:4      | Identified a +0 animal skin
  4299 | D:4      | Identified a +0 animal skin
  4329 | D:3      | Identified a +2 cloak (You found it on level 4 of the
                  | Dungeon)
  4388 | D:4      | Reached skill level 6 in Fighting
  4432 | D:4      | Found a glowing golden altar of the Shining One.
  4509 | D:4      | Identified a +0 mace
  4509 | D:4      | Identified a +0 scale mail
  4632 | D:4      | Identified 2 scrolls of magic mapping
  4633 | D:4      | Identified 2 scrolls of teleportation
  5067 | D:5      | Entered Level 5 of the Dungeon
  5072 | D:5      | Identified a +0 shortbow
  5087 | D:5      | Reached skill level 3 in Armour
  5184 | D:5      | Reached skill level 7 in Axes
  5200 | D:5      | Identified a +0 shortbow
  5201 | D:5      | Identified a cursed -3 shortbow
  5217 | D:5      | HP: 13/63 [centaur (3)]
  5218 | D:5      | HP: 5/63 [centaur (2)]
  5219 | D:5      | Slain by a centaur

Table legend:
 A = Turns spent in this place as a percentage of turns spent in the entire game.
 B = Non-inter-level travel turns spent in this place as a percentage of non-inter-level travel turns spent in the entire game.
 C = Inter-level travel turns spent in this place as a percentage of turns spent in this place.
 D = Turns resting spent in this place as a percentage of non-inter-level travel turns spent in this place.
 E = Turns spent auto-exploring this place as a percentage of non-inter-level travel turns spent in this place.
 F = Non-inter-level travel turns spent in this place divided by the number of levels of this place that you've seen.
                   A       B       C       D       E      F
               +-------+-------+-------+-------+-------+----------------------
         Total | 100.0 | 100.0 |   8.2 |  22.4 |  56.3 | 958.6
       Dungeon | 100.0 | 100.0 |   8.2 |  22.4 |  56.3 | 958.6
               +-------+-------+-------+-------+-------+----------------------

Table legend:
 A = Kills in this place as a percentage of kills in entire the game.
 B = Kills by you in this place as a percentage of kills by you in the entire game.
 C = Kills by friends in this place as a percentage of kills by friends in the entire game.
 D = Other kills in this place as a percentage of other kills in the entire game.
 E = Experience gained in this place as a percentage of experience gained in the entire game.
 F = Experience gained in this place divided by the number of levels of this place that you have seen.
                   A       B       C       D       E      F
               +-------+-------+-------+-------+-------+----------------------
         Total | 100.0 | 100.0 |   N/A |   N/A | 100.0 | 226.4
       Dungeon | 100.0 | 100.0 |   N/A |   N/A | 100.0 | 226.4
               +-------+-------+-------+-------+-------+----------------------

Skill      XL: |  1  2  3  4  5  6  7 |
---------------+----------------------+-----
Fighting       | 4 5 6 |  6.2
Armour         | 1 2 3 |  3.0
Axes           | 5 6 7 |  7.0
Shields        | 1 2 |  2.4
Dodging        | 3 |  3.4
Invocations    | 1 2 3 |  3.8
Stealth        | |  1.5

Action                   |  1- 3 |  4- 6 |  7- 9 || total
-------------------------+-------+-------+-------++-------
Melee: Hand axe          |    80 |   134 |   165 ||   379
Throw: Stone             |    25 |       |       ||    25
       Tomahawk          |    51 |    26 |    29 ||   106
Invok: Minor Destruction |       |     1 |       ||     1
  Use: Scroll            |       |     1 |     2 ||     3
 Stab: Sleeping          |     1 |       |       ||     1
       Confused          |       |     4 |       ||     4
  Eat: Chunk             |     1 |     3 |     3 ||     7
       Ration            |       |     1 |     1 ||     2
Armor: Robe              |    11 |       |       ||    11
       Ring mail         |    13 |    66 |    32 ||   111
       Scale mail        |       |       |    31 ||    31
Dodge: Dodged            |    63 |    63 |    49 ||   175
Block: Shield            |       |    54 |    63 ||   117

Vanquished Creatures
  A phantom (D:4)
  An ogre (D:4)
  A centaur (D:5)
  A scorpion (D:4)
  2 vampire bats (D:3)
  3 hounds
  An orc priest (D:2)
  An iguana (D:4)
  An orc wizard (D:2)
  4 worker ants (D:4)
  3 gnolls
  5 adders
  An ooze (D:1)
  2 worms
  A dart slug (D:1)
  4 leopard geckos
  6 orcs
  A ball python (D:1)
  4 bat skeletons (D:3)
  A bat zombie (D:3)
  4 giant cockroaches
  6 hobgoblins
  4 quokkas
  8 bats
  3 frilled lizards
  9 goblins
  A jackal zombie (D:4)
  5 kobolds
  A leopard gecko skeleton (D:4)
  10 rats
95 creatures vanquished.

Vanquished Creatures (others)
  A worm (D:4)
1 creature vanquished.

Grand Total: 96 creatures vanquished
